 Dungeon Crawl Stone Soup version 0.28-a0-604-g249bb1af34 (webtiles) character file.

Game seed: 16604981731368875400

9583 Johnny the Frost Mage (level 11, -4/101 HPs)
             Began as a Grey Draconian Ice Elementalist on Oct 5, 2021.
             Was a Priest of Sif Muna.
             Slain by a death yak (15 damage)
             ... on level 9 of the Dungeon.
             The game lasted 00:11:41 (11550 turns).

Johnny the Frost Mage (DrIE)                       Turns: 11550, Time: 00:11:41

Health: -4/101     AC: 26    Str:  7    XL:     11   Next: 25%
Magic:  12/33      EV: 12    Int: 19    God:    Sif Muna [***...]
Gold:   531        SH:  0    Dex: 16    Spells: 17/28 levels left

rFire   . . .      SeeInvis +   k - +1 war axe (freeze)
rCold   + + +      Faith    .   (no shield)
rNeg    . . .      Spirit   .   (armour unavailable)
rPois   .          Reflect  .   (helmet restricted)
rElec   .          Harm     .   C - +0 cloak
rCorr   .          Rampage  .   c - +0 pair of gloves "Peob Sio" {rC+++ Str-3 Dex+4 SInv}
Will    .....                   (no boots)
Stlth   ++........              (no amulet)
HPRegen 0.26/turn               y - +4 ring of protection
MPRegen 0.23/turn               q - ring of magical power

@: ice-armoured, freezing walls
A: AC +12, amphibious, unfitting armour, cold-blooded
a: Renounce Religion, Channel Magic, Forget Spell


You were on level 9 of the Dungeon.
You worshipped Sif Muna.
Sif Muna was most pleased with you.
You visited 2 branches of the dungeon, and saw 10 of its levels.
You also visited: Bailey.

You collected 531 gold pieces.

Inventory:

Hand Weapons
 k - a +1 war axe of freezing (weapon)
 G - a +1 scimitar of flaming
Armour
 c - the +0 pair of gloves "Peob Sio" (worn) {rC+++ Str-3 Dex+4 SInv}
   (You acquired it in a bailey)

   Str:       It affects your strength (-3).
   Dex:       It affects your dexterity (+4).
   rC:        It renders you almost immune to cold.
   SInv:      It lets you see invisible.
 C - a +0 cloak (worn)
Jewellery
 b - a ring of protection from cold
 m - a ring of protection from fire
 q - a ring of magical power (right hand)
 y - a +4 ring of protection (left hand)
 D - a ring of poison resistance
Wands
 p - a wand of paralysis (10)
 r - a wand of acid (1)
 s - a wand of iceblast (14)
Scrolls
 d - 5 scrolls of teleportation
 e - a scroll of identify
 f - 2 scrolls of magic mapping
 g - a scroll of silence
 h - 4 scrolls of blinking
 i - 6 scrolls of immolation
 n - a scroll of vulnerability
 o - 6 scrolls of enchant armour {unknown}
 u - 2 scrolls of enchant weapon {unknown}
 x - 2 scrolls of amnesia {unknown}
 B - a scroll of holy word {unknown}
 E - 2 scrolls of fear
 H - a scroll of fog {unknown}
 I - a scroll of brand weapon {unknown}
Potions
 a - 6 potions of lignification {unknown}
 j - 3 potions of magic {unknown}
 l - 2 potions of haste {unknown}
 t - 3 potions of brilliance {unknown}
 v - 3 potions of invisibility {unknown}
 w - 2 potions of heal wounds {unknown}
 z - a potion of ambrosia {unknown}
 A - 3 potions of curing {unknown}
 F - a potion of might {unknown}
 J - a potion of resistance {unknown}


   Skills:
 + Level 10.7 Fighting
 - Level 1.7 Dodging
 - Level 1.7 Stealth
 + Level 9.4 Spellcasting
 + Level 10.7 Ice Magic
 + Level 4.8 Invocations


You had 17 spell levels left.
You knew the following spells:

 Your Spells              Type           Power      Damage    Failure   Level
a - Freeze                Ice            100%       1d11      1%          1
b - Frozen Ramparts       Ice            98%        1d11      1%          3
c - Ozocubu's Armour      Ice            49%        N/A       1%          3
f - Hailstorm             Conj/Ice       29%        3d8       9%          4

Your spell library contained the following spells:

 Spells                   Type           Power      Damage    Failure   Level
 Animate Skeleton         Necr           16%        N/A       8%          1
 Apportation              Tloc           16%        N/A       8%          1
 Magic Dart               Conj           32%        1d4       8%          1
 Summon Small Mammal      Summ           32%        N/A       8%          1
 Ice Form                 Ice/Tmut       29%        N/A       9%          4
 Call Imp                 Summ           8%         N/A       12%         2
 Searing Ray              Conj           16%        2d5       12%         2
 Gell's Gravitas          Tloc           4%         N/A       24%         3
 Mephitic Cloud           Conj/Pois/Air  8%         N/A       24%         3
 Teleport Other           Tloc           8%         N/A       24%         3
 Freezing Cloud           Conj/Ice/Air   11%        6-21      45%         5
 Fulminant Prism          Conj/Hex       4%         3d6       61%         4
 Ozocubu's Refrigeration  Ice            24%        4d9       63%         7
 Simulacrum               Ice/Necr       14%        N/A       80%         6
 Alistair's Intoxication  Tmut/Pois      5%         N/A       91%         5
 Dispersal                Tloc           4%         N/A       100%        6
 Invisibility             Hex            4%         N/A       100%        6
 Polar Vortex             Ice            24%        N/A       100%        9


Dungeon Overview and Level Annotations

Branches:
Dungeon (9/15)             Temple (1/1) D:4            Lair (0/6) D:9
 Bailey (visited)
    Orc: D:9-12

Altars:
Ashenzari
Cheibriados
Dithmenos
Elyvilon
Fedhas
Gozag
Hepliaklqana
Kikubaaqudgha
Makhleb
Nemelex Xobeh
Okawaru
Qazlal
Ru
Sif Muna
Trog
Uskayaw
Vehumet
Wu Jian
Xom
Yredelemnul
Zin
The Shining One

Shops:
D:5 :


Innate Abilities, Weirdness & Mutations

Your dull iron-grey scales are very hard. (AC +12)
You are amphibious.
You cannot fit into any form of body armour.
You are cold-blooded and may be slowed by cold attacks.


Message History

Aim: a death yak (lightly wounded)
You freeze the death yak.
The death yak is moderately wounded.
The wall freezes the death yak!
The death yak gores you!
The wall freezes the orc.
Casting: Freeze (safe; 1% risk of failure)
Confirm with . or Enter, or press ? or * to list all spells.
Aiming: Freeze (safe; 1% risk of failure)
Press: ? - help, Shift-Dir - straight line, f/p - death yak
Aim: a death yak (moderately wounded)
You freeze the death yak.
The death yak is moderately wounded.
The wall freezes the death yak!
The death yak gores you.
Casting: Freeze (safe; 1% risk of failure)
Confirm with . or Enter, or press ? or * to list all spells.
Aiming: Freeze (safe; 1% risk of failure)
Press: ? - help, Shift-Dir - straight line, f/p - death yak
Aim: a death yak (heavily wounded)
You freeze the death yak.
The death yak is heavily wounded.
The wall freezes the death yak.
The death yak gores you!
* * * LOW HITPOINT WARNING * * *
Casting: Freeze (safe; 1% risk of failure)
Confirm with . or Enter, or press ? or * to list all spells.
Aiming: Freeze (safe; 1% risk of failure)
Press: ? - help, Shift-Dir - straight line, f/p - death yak
Aim: a death yak (heavily wounded)
You freeze the death yak!
The death yak is severely wounded.
The wall freezes the death yak.
The death yak gores you!
* * * LOW HITPOINT WARNING * * *
The wall freezes the troll.
Unknown command.
Okay, then.
Okay, then.
As you read the scroll of fear, it crumbles to dust.
You assume a fearsome visage.
The death yak resists with some effort.
The orc looks frightened!
The wall freezes the death yak.
The death yak gores you!
You die...

#.....#'##.. +##+
+##'##'..#.. $oo.#..
#..#.....#..#..#.. .......
#..#+###+#..#..#.. .#Y#...
#..#.....#..#..#.. .......
+..+.._..'..+..#.. ..>...Y
#..#.....#..####..
......o##..#+###'#..#.....
.......T#@.#.....#..#.....
......†oY##'##'##'##+.....
.......)#.....#.....##....
........#.....#.....##....
###.....###+##+##+####....
#.##### #.##....#.... ...
#.......#.... #..
#....'.... #. #....#####


You could see a death yak and an orc (fleeing).

Vanquished Creatures
  An orc warlord (Bailey)
  A hydra (D:9)
  2 death yaks (D:9)
  2 orc knights (Bailey)
  Joseph (D:9)
  A gargoyle (D:8)
  Maggie (D:7)
  An efreet (D:8)
  Sigmund (D:6)
  A wraith (D:8)
  A steam dragon (D:4)
  Menkaure (D:4)
  A water moccasin (D:5)
  2 sky beasts
  13 orc warriors
  A black bear (D:5)
  3 necrophages
  2 ogres
  3 phantoms
  2 kobold brigands
  A wyvern zombie (D:6)
  5 bullfrogs
  A gnoll sergeant (D:7)
  2 scorpions
  A wyvern skeleton (D:7)
  A killer bee (D:8)
  3 wights (D:7)
  5 howler monkeys
  2 centaur zombies
  A bullfrog zombie (D:5)
  2 jellies
  6 orc priests
  2 hounds
  Ijyb (D:4)
  A hell rat (D:9)
  6 orc wizards
  A killer bee zombie (D:5)
  A hound skeleton (D:4)
  Robin (D:4)
  15 gnolls
  4 adders
  A river rat (D:9)
  2 shadow imps
  A white imp (D:7)
  3 ufetubi
  An adder skeleton (D:4)
  A worm (D:2)
  3 dart slugs
  43 orcs
  6 endoplasms
  A giant cockroach (D:3)
  30 goblins
  24 hobgoblins
  6 jackals (D:1)
  6 quokkas
  7 ball pythons
  4 bats
  6 frilled lizards
  13 kobolds
  6 rats
  A spectral orc (D:8)
268 creatures vanquished.

Vanquished Creatures (others)
  An adder skeleton (D:4)
  An endoplasm (D:4)
2 creatures vanquished.

Grand Total: 270 creatures vanquished

Notes
Turn   | Place    | Note
-------+----------+-------------------------------------------
     0 | D:1      | Johnny the Draconian Ice Elementalist began the quest for
                  | the Orb.
     0 | D:1      | Reached XP level 1. HP: 14/14 MP: 3/3
   363 | D:1      | Reached XP level 2. HP: 18/22 MP: 3/5
   364 | D:1      | Reached skill level 1 in Fighting
   426 | D:1      | Found a faded altar of an unknown god.
   976 | D:1      | Reached XP level 3. HP: 19/28 MP: 6/6
  2053 | D:2      | Found an iron altar of Okawaru.
  2413 | D:3      | Reached XP level 4. HP: 36/36 MP: 8/8
  2531 | D:3      | Found a transporter.
  2536 | D:3      | Found a transporter.
  2627 | D:3      | Found a stormy altar of Qazlal.
  2874 | D:3      | Found a blossoming altar of Fedhas.
  3146 | D:3      | Learned a level 3 spell: Frozen Ramparts
  3150 | D:3      | Learned a level 3 spell: Ozocubu's Armour
  3672 | D:4      | Reached XP level 5. HP: 25/44 MP: 6/9
  3672 | D:4      | Noticed Robin
  3680 | D:4      | Killed Robin
  3681 | D:4      | Reached skill level 5 in Ice Magic
  3870 | D:4      | Found a staircase to the Ecumenical Temple.
  3902 | Temple   | Entered the Ecumenical Temple
  4254 | D:4      | Reached XP level 6. HP: 12/51 MP: 4/11
  4670 | D:4      | Noticed Ijyb
  4679 | D:4      | Killed Ijyb
  4695 | D:4      | Noticed Menkaure
  4821 | D:4      | Noticed an orc warrior
  4826 | D:4      | Killed an orc warrior
  4987 | D:4      | Noticed a steam dragon
  5000 | D:4      | Killed a steam dragon
  5001 | D:4      | Your scales start taking on a dull iron-grey colour.
  5001 | D:4      | Reached XP level 7. HP: 28/60 MP: 13/13
  5460 | D:4      | Killed Menkaure
  5461 | D:4      | Reached skill level 5 in Fighting
  5533 | D:5      | Entered Level 5 of the Dungeon
  5658 | D:5      | Reached skill level 5 in Spellcasting
  5796 | D:5      | Found a basalt altar of Yredelemnul.
  5923 | D:5      | Found Ydup's Book Shoppe.
  5951 | D:5      | Reached XP level 8. HP: 63/69 MP: 15/15
  6908 | D:6      | Noticed Sigmund
  6921 | D:6      | Killed Sigmund
  7663 | D:6      | Found a shimmering blue altar of Sif Muna.
  7807 | D:6      | Found a shadowy altar of Dithmenos.
  8032 | D:6      | Became a worshipper of Sif Muna the Loreminder
  8234 | D:7      | Reached XP level 9. HP: 65/77 MP: 18/18
  8249 | D:7      | Learned a level 4 spell: Hailstorm
  8437 | D:7      | Noticed Maggie
  8444 | D:7      | Killed Maggie
  8807 | D:7      | Reached * piety under Sif Muna
  9637 | D:8      | Found an ancient bone altar of Kikubaaqudgha.
  9712 | D:8      | Found a hazy altar of Hepliaklqana.
  9794 | D:8      | Noticed a gargoyle
  9947 | D:8      | Noticed an efreet
  9952 | D:8      | Killed an efreet
  9953 | D:8      | Reached XP level 10. HP: 63/91 MP: 20/22
 10060 | D:8      | Killed a gargoyle
 10505 | D:9      | Reached ** piety under Sif Muna
 10541 | D:9      | Noticed Joseph
 10560 | D:9      | Killed Joseph
 10576 | D:9      | Found a flagged portal.
 10583 | Bailey   | Entered a bailey
 10793 | Bailey   | Reached skill level 1 in Invocations
 10946 | Bailey   | Reached *** piety under Sif Muna
 11046 | Bailey   | Noticed an orc warlord
 11046 | Bailey   | Noticed an orc knight
 11047 | Bailey   | Noticed an orc knight
 11065 | Bailey   | Reached skill level 10 in Ice Magic
 11066 | Bailey   | Killed an orc knight
 11067 | Bailey   | Reached skill level 10 in Fighting
 11069 | Bailey   | Killed an orc warlord
 11070 | Bailey   | Killed an orc knight
 11071 | Bailey   | Reached XP level 11. HP: 55/101 MP: 24/24
 11127 | Bailey   | Identified the +10 quarterstaff of Iviliub {flame, Stlth+}
 11251 | Bailey   | Acquired the +0 pair of gloves "Peob Sio" {rC+++ Str-3
                  | Dex+4 SInv}
 11259 | Bailey   | Acquired a book of Ice
 11323 | D:9      | Noticed a tengu warrior
 11324 | D:9      | Noticed a centaur warrior
 11417 | D:9      | Found a glowing golden altar of the Shining One.
 11437 | D:9      | Noticed an eight-headed hydra
 11450 | D:9      | Killed an eight-headed hydra
 11523 | D:9      | Noticed a death yak
 11524 | D:9      | Found a staircase to the Lair.
 11524 | D:9      | Noticed a death yak
 11525 | D:9      | Noticed a death yak
 11536 | D:9      | Killed a death yak
 11543 | D:9      | Killed a death yak
 11550 | D:9      | Slain by a death yak

Illustrated notes

Levels and vault maps discovered:
D:1:      dpeg_arrival_round_a, layout_loops_ring,
          shapermc_ecumenical_altar_acropolis
D:2:      layout_basic, basic_altar
D:3:      gammafunk_wand_slinger, layout_loops_ring,
          nicolae_qazlal_general_emergency, mainiacjoe_overflow_surrounded_room,
          serial_glass, glass_columns_b, glass_columns_b, glass_columns_a,
          glass_columns_c
D:4:      layout_loops_cross, minmay_temple_entry_hall, uniq_ijyb, uniq_robin,
          uniq_menkaure
D:5:      layout_loops_ring, mainiacjoe_overflow_alcove_1, serial_shops,
          nicolae_shop_behind_doors, kennysheep_opposing_triangles
D:6:      layout_basic, marbit_many_paths, grunt_dithmenos_shadows,
          minmay_checkerbox, uniq_sigmund
D:7:      layout_rooms, uniq_maggie
D:8:      lemuel_ice_spiral_2, layout_rooms,
          nicolae_hepliaklqana_monster_ancestors, mainiacjoe_overflow_boulevard,
          hangedman_minor_gate_pass
D:9:      layout_irregular_city, mainiacjoe_overflow_24_doors,
          dpeg_lair_monsters, enter_bailey_3, minivault_12, uniq_joseph
Temple:   eino_temple_water

Skill      XL: |  1  2  3  4  5  6  7  8  9 10 11 |
---------------+----------------------------------+-----
Fighting       | 1 2 3 4 5 7 9 10 | 10.7
Spellcasting   | 3 4 5 6 8 9 |  9.4
Ice Magic      | 5 6 7 9 10 | 10.7
Invocations    | 3 4 |  4.8
Dodging        | |  1.7
Stealth        | |  1.7

Action                   |  1- 3 |  4- 6 |  7- 9 | 10-12 || total
-------------------------+-------+-------+-------+-------++-------
Melee: Unarmed           |    32 |       |       |       ||    32
       Tailslap          |    15 |     3 |    23 |     9 ||    50
       Dagger            |    96 |     7 |       |       ||   103
       War axe           |       |    80 |   148 |    86 ||   314
       Whip              |       |       |   106 |       ||   106
 Cast: Freeze            |    22 |    21 |    18 |    24 ||    85
       Frozen Ramparts   |       |     7 |    16 |    12 ||    35
       Ozocubu's Armour  |       |       |     8 |     4 ||    12
       Hailstorm         |       |       |     7 |     3 ||    10
Evoke: Wand              |       |     5 |     1 |     7 ||    13
  Use: Scroll            |       |       |     7 |     3 ||    10
 Stab: Sleeping          |     6 |     5 |     5 |       ||    16
       Distracted        |       |     1 |       |       ||     1
       Paralysed         |       |       |     3 |       ||     3
Armor: Skin              |    43 |    37 |   211 |    99 ||   390
Dodge: Dodged            |    88 |    77 |   269 |   117 ||   551

Table legend: (Time is in decaauts)
 A = Elapsed time spent in this place.
 B = Non-inter-level travel time spent in this place.
 C = Inter-level travel time spent in this place.
 D = Time resting spent in this place.
 E = Time spent auto-exploring this place.
 F = Levels seen in this place.
 G = Mean time per level.
                   A        B        C        D        E       F      G
               +--------+--------+--------+--------+--------+-----+--------+
         Total |  11722 |  11360 |    362 |   1929 |   7580 |  11 | 1065.6 |
       Dungeon |  10767 |  10420 |    347 |   1788 |   7032 |   9 | 1196.3 |
        Temple |    227 |    212 |     15 |      0 |    199 |   1 |  227.0 |
        Bailey |    727 |    727 |      0 |    141 |    349 |   1 |  727.0 |
               +--------+--------+--------+--------+--------+-----+--------+

Top non-repeatable levels by time:
     D:4: 1713 daAuts
     D:1: 1532 daAuts
     D:6: 1514 daAuts
     D:7: 1293 daAuts
     D:3: 1276 daAuts
     D:5: 1211 daAuts
     D:8: 917 daAuts
     D:2: 821 daAuts
  Bailey: 727 daAuts
     D:9: 487 daAuts
  Temple: 227 daAuts
